 Dungeon Crawl Stone Soup version 0.27-a0-920-gb2bd10914a (webtiles) character file.

Game seed: 15863940596872732987

141 robertstho the Magician (level 5, -2/35 HPs)
             Began as a Djinni Fire Elementalist on Apr 9, 2021.
             Killed by divine providence
             ... invoked by an orc priest
              (12 damage)
             ... on level 4 of the Dungeon.
             The game lasted 00:05:33 (4565 turns).

robertstho the Magician (Djinni Fire Elementalist)  Turns: 4565, Time: 00:05:35

Health: -2/35      AC:  6    Str:  7    XL:     5   Next: 24%
Gold:   39         EV: 12    Int: 18    God:
                   SH:  0    Dex: 13

rFire    + + .     SeeInvis .   m - +0 falchion
rCold    x . .     Faith    .   (no shield)
rNeg     . . .     Spirit   .   a - +1 robe
rPois    ∞         Reflect  .   (no helmet)
rElec    .         Harm     .   l - +2 cloak
rCorr    .         Rampage  .   (no gloves)
Will     .....                  (boots unavailable)
Stlth    ++........             (no amulet)
HPRegen  0.11/turn              (no ring)
MPRegen  0.00/turn              (no ring)

@: flying
A: fire resistance 2, cold vulnerability 1, float, innate caster, hp casting,
extra vitality 1
a: no special abilities


You were on level 4 of the Dungeon.
You visited 1 branch of the dungeon, and saw 4 of its levels.

You collected 569 gold pieces.
You spent 530 gold pieces at shops.

Inventory:

Hand Weapons
 c - a +0 whip
 m - a +0 falchion (weapon)
Missiles
 h - a throwing net
Armour
 a - a +1 robe (worn)
 l - a +2 cloak (worn)
Scrolls
 k - 3 scrolls of teleportation {unknown}
 n - 2 scrolls of enchant armour
Potions
 b - a potion of heal wounds
 d - a potion of magic {unknown}
 e - a potion of might
 f - a potion of flight {unknown}
 g - a potion of brilliance
 i - 3 potions of lignification
 j - 3 potions of curing
 p - a potion of cancellation


   Skills:
 + Level 0.2 Fighting
 + Level 0.1 Maces & Flails
 + Level 2.7 Dodging
 + Level 2.3 Stealth
 + Level 4.4 Spellcasting


You couldn't memorise any spells.
You knew the following spells:

 Your Spells              Type           Power      Damage    Failure   Level
a - Foxfire               Conj/Fire      76%        2x1d7     2%          1
b - Conjure Flame         Conj/Fire      19%        6-21      7%          3
c - Inner Flame           Hex/Fire       19%        N/A       7%          3
d - Sticky Flame          Conj/Fire      19%        2d4       22%         4
e - Fireball              Conj/Fire      9%         3d6       54%         5
f - Freeze                Ice            76%        1d9       2%          1
g - Passwall              Tmut/Erth      15%        N/A       3%          2
Your spell library was empty.

Dungeon Overview and Level Annotations

Branches:
Dungeon (4/15)
 Temple: D:4-7

Altars:
The Shining One

Shops:
D:1 [(!


Innate Abilities, Weirdness & Mutations

You are immune to poison.
Your flesh is very heat resistant. (rF++)
You are vulnerable to cold. (rC-)
You float through the air rather than walking.
You learn spells naturally, not from books.
Your magical power is your life essence.
You have superior vitality. (+4 HP)


Message History

Spell assigned to 'g'.
Casting: Foxfire (safe; 2% risk of failure)
Confirm with . or Enter, or press ? or * to list all spells.
You conjure some foxfire!
An orc comes into view. It is wielding a +0 flail.
The foxfire hits the orc.
The orc is lightly wounded.
Unknown command.
Casting: Foxfire (safe; 2% risk of failure)
Confirm with . or Enter, or press ? or * to list all spells.
You conjure some foxfire!
The foxfire hits the orc priest.
The orc priest is heavily wounded.
The foxfire hits the orc priest.
The orc priest is almost dead.
Unknown command.
Casting: Foxfire (safe; 2% risk of failure)
Confirm with . or Enter, or press ? or * to list all spells.
You conjure some foxfire!
The foxfire hits the orc but does no damage.
The orc is lightly wounded.
The foxfire hits the orc.
The orc is moderately wounded.
The orc priest miscasts a cantrip.
Unknown command.
Casting: Foxfire (safe; 2% risk of failure)
Confirm with . or Enter, or press ? or * to list all spells.
You conjure some foxfire!
* * * LOW HITPOINT WARNING * * *
The foxfire hits the orc.
The orc is almost dead.
The foxfire hits the orc.
You kill the orc!
Casting: Foxfire (safe; 2% risk of failure)
Confirm with . or Enter, or press ? or * to list all spells.
You conjure some foxfire!
* * * LOW HITPOINT WARNING * * *
The orc priest invokes the aid of Beogh against you.
Beogh smites you!
You die...

### ..#### ..
....#### ...
##.....#....
##..v.)o.....
#....@)##
#.....v.#
##..<...#
##.....#
##...## ##.##
###


You could see an orc priest (ally target).

Vanquished Creatures
  2 orc wizards (D:4)
  A gnoll (D:1)
  An adder (D:3)
  2 worms (D:2)
  A dart slug (D:1)
  3 orcs
  4 ball pythons
  3 endoplasms
  3 giant cockroaches
  7 goblins
  4 hobgoblins
  11 jackals
  4 kobolds
  A quokka (D:1)
  3 bats
  3 frilled lizards
  4 rats
57 creatures vanquished.

Vanquished Creatures (others)
  201 foxfires
201 creatures vanquished.

Grand Total: 258 creatures vanquished

Notes
Turn   | Place    | Note
-------+----------+-------------------------------------------
     0 | D:1      | robertstho the Djinni Fire Elementalist began the quest for
                  | the Orb.
     0 | D:1      | Reached XP level 1. HP: 15/15 MP: 0/0
   299 | D:1      | Reached skill level 3 in Spellcasting
   299 | D:1      | Reached XP level 2. HP: 2/21 MP: 0/0
   890 | D:1      | Found Merph's Distillery.
   890 | D:1      | Found a faded altar of an unknown god.
  1079 | D:1      | Found Viustror's Weapon Boutique.
  1110 | D:1      | Reached XP level 3. HP: 21/25 MP: 0/0
  1110 | D:1      | Learned a level 1 spell: Freeze
  1206 | D:1      | Found Koeban's Antique Armour Shoppe.
  3069 | D:3      | Reached XP level 4. HP: 14/31 MP: 0/0
  3484 | D:3      | Found a glowing golden altar of the Shining One.
  3772 | D:3      | Reached skill level 4 in Spellcasting
  4169 | D:3      | Identified a scroll of acquirement
  4169 | D:3      | Acquired 438 gold pieces
  4263 | D:1      | Bought a potion of heal wounds for 55 gold pieces
  4263 | D:1      | Bought a potion of lignification for 33 gold pieces
  4263 | D:1      | Bought a potion of might for 44 gold pieces
  4263 | D:1      | Bought a potion of brilliance for 44 gold pieces
  4263 | D:1      | Bought a potion of curing for 33 gold pieces
  4352 | D:1      | Bought a glowing cloak for 112 gold pieces
  4352 | D:1      | Bought a runed robe for 55 gold pieces
  4445 | D:1      | Bought a potion of cancellation for 88 gold pieces
  4445 | D:1      | Bought 2 potions of curing for 66 gold pieces
  4557 | D:4      | Reached XP level 5. HP: 14/35 MP: 0/0
  4557 | D:4      | Learned a level 2 spell: Passwall
  4565 | D:4      | Killed from afar by an orc priest

Illustrated notes

Levels and vault maps discovered:
D:1:      nagdon_arrival_zigzag_paths, layout_loops_ring, serial_shops, shop,
          nicolae_shop_trees, shop_statue, basic_ecumenical_altar
D:2:      layout_basic
D:3:      layout_basic, lemuel_doored_altar
D:4:      minmay_goblin_kobold_castle, layout_cave_pods, kennysheep_mini

Skill      XL: |  1  2  3  4 |
---------------+-------------+-----
Spellcasting   | 3 4 |  4.4
Stealth        | 2 |  2.3
Fighting       | |  0.2
Maces & Flails | |  0.1
Dodging        | |  2.7

Action                   |  1- 3 |  4- 6 || total
-------------------------+-------+-------++-------
Melee: Falchion          |     2 |       ||     2
       Whip              |     1 |       ||     1
 Cast: Foxfire           |    82 |    46 ||   128
  Use: Scroll            |       |     6 ||     6
 Stab: Sleeping          |     1 |       ||     1
Armor: Robe              |    10 |     4 ||    14
Dodge: Dodged            |    35 |     6 ||    41
       Rpst.: Falchion   |     4 |     1 ||     5

Table legend: (Time is in decaauts)
 A = Elapsed time spent in this place.
 B = Non-inter-level travel time spent in this place.
 C = Inter-level travel time spent in this place.
 D = Time resting spent in this place.
 E = Time spent auto-exploring this place.
 F = Levels seen in this place.
 G = Mean time per level.
                   A        B        C        D        E       F      G
               +--------+--------+--------+--------+--------+-----+--------+
         Total |   4566 |   4129 |    437 |    711 |   3007 |   4 | 1141.5 |
       Dungeon |   4566 |   4129 |    437 |    711 |   3007 |   4 | 1141.5 |
               +--------+--------+--------+--------+--------+-----+--------+

Top non-repeatable levels by time:
     D:1: 2249 daAuts
     D:3: 1216 daAuts
     D:2: 1072 daAuts
     D:4: 27 daAuts
